Map: Emerald City LE

Players

qqq - Winner!

  • Race: Zerg Zerg
  • League: Platinum
  • Spawn Location: 5:00

Massa - Winner!

  • Race: Terran Terran
  • League: Platinum
  • Spawn Location: 5:00

MacroLee

  • Race: Protoss Protoss
  • League: Diamond
  • Spawn Location: 11:00

Eclipse

  • Race: Protoss Protoss
  • League: Diamond
  • Spawn Location: 11:00

VOD

Have the link to the VOD?

Description

Time

  • Played on: Nov. 29, 2020, 5:44 a.m.
  • Length: 5:38
Show
View Real Time Build Order
Export as new Build Order

qqq Zerg - Winner!

Build Orders: Hatch First 

Get SALT Encoding   

  12  0:00  Drone  
  13  0:11  Drone  
  14  0:18  Overlord  
  14  0:44  Hatchery  
  13  0:50  Drone  
  13  0:55  Drone  
  16  0:57  Drone  
  16  1:02  Drone  
  17  1:22  Extractor, Spawning Pool  
  17  1:23  Drone  
  16  1:27  Drone  
  17  1:41  Drone  
  18  1:48  Drone  
  19  2:03  Drone  
  19  2:04  Drone  
  19  2:07  Overlord  
  21  2:08  Queen  
  21  2:11  Queen  
  21  2:15  Drone  
  26  2:19  Zergling x2  
  27  2:26  Metabolic Boost  
  27  2:28  Zergling x2  
  28  2:32  Drone  
  28  2:34  Drone  
  30  2:39  Zergling x2  
  30  2:51  Drone  
  30  2:52  Zergling x2  
  30  2:57  Zergling x2  
  33  3:05  Zergling x2  
  34  3:07  Zergling x2  
  36  3:12  Zergling x2  
  36  3:16  Overlord  
  36  3:19  Overlord  
  33  3:37  Zergling x4  
  33  3:38  Zergling x8  
  39  3:45  Zergling x2  
  39  3:47  Lair  
  40  3:53  Zergling x2  
  41  3:56  Drone  
  41  4:01  Zergling x2  
  43  4:05  Hatchery  
  43  4:06  Drone  
  43  4:11  Zergling x2  
  43  4:24  Zergling x8  
  44  4:25  Zergling x4  
  46  4:37  Zergling x2  
  48  4:38  Zergling x4  
  48  4:44  Zergling x4  
  48  4:45  Overlord  
  47  5:10  Zergling x6  
  48  5:14  Zergling x6  
  48  5:15  Zergling x10  
Show
View Real Time Build Order
Export as new Build Order

Massa Terran - Winner!

Build Orders: 2 Factory, Hellion Opening 

Get SALT Encoding   

  12  0:00  SCV  
  13  0:12  SCV  
  14  0:18  Supply Depot  
  14  0:24  SCV  
  15  0:37  Refinery  
  15  0:40  SCV  
  16  0:45  Barracks  
  16  0:52  Refinery  
  16  0:55  SCV  
  17  1:07  SCV  
  18  1:19  SCV  
  19  1:31  SCV  
  19  1:32  Supply Depot  
  20  1:33  Barracks Tech Lab  
  20  1:39  Factory  
  20  1:43  SCV  
  21  2:02  Barracks Reactor  
  21  2:04  Orbital Command  
  21  2:11  Factory  
  21  2:33  SCV  
  22  2:38  Hellion, Infernal Pre-Igniter  
  24  2:47  Barracks Reactor  
  24  2:52  SCV  
  25  2:59  Hellion  
  25  3:00  Barracks  
  25  3:05  SCV  
  28  3:16  Command Center  
  28  3:19  Hellion  
  30  3:30  Supply Depot  
  30  3:40  SCV  
  31  3:52  Hellion x3  
  37  4:00  Supply Depot  
  37  4:04  Marine  
  37  4:05  Marine  
  39  4:21  Marine x2  
  39  4:22  Hellion x2  
  39  4:23  Marine  
  46  4:34  Hellion  
  48  4:43  Hellion, Marine x2  
  53  4:51  Orbital Command  
  52  4:53  SCV  
  53  5:05  SCV  
  53  5:06  Barracks Tech Lab  
  54  5:17  SCV  
Show
View Real Time Build Order
Export as new Build Order

MacroLee Protoss 

Build Orders:  

Get SALT Encoding   

  12  0:00  Probe  
  13  0:12  Probe  
  14  0:20  Pylon  
  14  0:24  Probe (Chrono Boost)  
  15  0:40  Probe (Chrono Boost), Gateway  
  16  0:45  Probe (Chrono Boost)  
  17  0:54  Probe  
  17  0:56  Assimilator  
  18  1:06  Probe  
  18  1:08  Assimilator  
  19  1:27  Probe (Chrono Boost)  
  20  1:36  Probe (Chrono Boost)  
  21  1:41  Probe (Chrono Boost)  
  21  1:46  Nexus  
  22  1:50  Pylon  
  22  1:58  Cybernetics Core  
  22  2:00  Probe  
  23  2:42  Adept (Chrono Boost)  
  23  2:43  Warp Gate (Chrono Boost)  
  23  2:50  Probe (Chrono Boost)  
  26  2:55  Shield Battery  
  26  2:59  Probe (Chrono Boost)  
  26  3:04  Adept  
  30  3:07  Probe (Chrono Boost)  
  30  3:08  Probe (Chrono Boost)  
  31  3:13  Probe x2 (Chrono Boost)  
  31  3:16  Assimilator  
  33  3:24  Stargate  
  33  3:25  Probe x2  
  33  3:26  Stargate  
  35  3:37  Probe (Chrono Boost)  
  35  3:39  Probe (Chrono Boost)  
  37  3:49  Probe (Chrono Boost)  
  39  3:55  Probe (Chrono Boost)  
  39  3:57  Probe (Chrono Boost)  
  39  4:02  Probe  
  41  4:03  Assimilator  
  41  4:04  Probe  
  42  4:11  Phoenix x2  
  46  4:37  Shield Battery  
  46  4:40  Pylon  
  46  4:41  Pylon  
  46  4:58  Probe x2  
  56  5:17  Adept  
Show
View Real Time Build Order
Export as new Build Order

Eclipse Protoss 

Build Orders: Blink Stalkers 

Get SALT Encoding   

  12  0:00  Probe  
  13  0:12  Probe  
  14  0:18  Pylon  
  14  0:24  Probe (Chrono Boost)  
  15  0:38  Probe (Chrono Boost)  
  15  0:39  Gateway  
  16  0:44  Probe (Chrono Boost)  
  16  0:47  Assimilator  
  17  0:53  Probe  
  18  0:57  Assimilator  
  18  1:05  Probe  
  19  1:13  Gateway  
  19  1:17  Probe  
  20  1:28  Cybernetics Core  
  20  1:29  Probe  
  21  1:40  Pylon  
  21  1:41  Probe  
  23  2:07  Adept x2  
  26  2:10  Warp Gate (Chrono Boost)  
  26  2:15  Probe  
  26  2:22  Twilight Council  
  27  2:41  Stalker x2  
  31  2:51  Pylon  
  31  2:58  Blink  
  31  3:10  Gateway  
  31  3:39  Stalker  
  31  3:40  Stalker  
  31  4:04  Nexus  
  31  4:08  Stalker x3  
  25  4:32  Stalker x3  
  31  4:57  Dark Shrine  
  30  5:06  Shield Battery  
  30  5:07  Shield Battery  
  28  5:11  Stalker  
Tags
 
Add a new tag
Caveats
  • Supply blocks, unpowered buildings, or Contaminate may cause inaccurate times.
  • Supply counts are checked every 10 seconds.